 Dungeon Crawl Stone Soup version 0.26-a0-663-g36e8fdb655 (webtiles) character file.

Game seed: 14237922818576354544

19582 grandjackal the Fighter (level 12, 0/100 HPs)
             Began as a Demonspawn Gladiator on Oct 12, 2020.
             Was a Priest of Makhleb.
             Slain by a boulder beetle (13 damage)
             ... on level 12 of the Dungeon.
             The game lasted 00:21:58 (17231 turns).

grandjackal the Fighter (Demonspawn Gladiator)     Turns: 17231, Time: 00:21:59

Health: 0/100      AC:  9    Str: 19    XL:     12   Next: 37%
Magic:  0/18       EV: 35    Int: 10    God:    Makhleb [***...]
Gold:   1055       SH:  0    Dex: 15    Spells: 11/11 levels left

rFire    + . .     SeeInvis .   G - +0 scimitar
rCold    . . .     Faith    .   (no shield)
rNeg     + . .     Spirit   +   F - +1 ring mail {rF+}
rPois    .         Reflect  .   c - +0 helmet
rElec    .         Harm     .   a - scarf {shadows}
rCorr    .         Rampage  .   u - +0 pair of gloves
MR       +....                  (no boots)
Stlth    +.........             q - amulet of the acrobat
HPRegen  0.26/turn              A - ring of protection from magic
MPRegen  0.32/turn              v - ring of positive energy

@: marked, acrobat
A: talons 2, repulsion field 2, demonic guardian 1, magic shield, magic
regeneration
a: Minor Destruction, Lesser Servant of Makhleb, Renounce Religion


You were on level 12 of the Dungeon.
You worshipped Makhleb.
Makhleb was most pleased with you.
You visited 2 branches of the dungeon, and saw 13 of its levels.

You collected 1055 gold pieces.

Inventory:

Hand Weapons
 j - a +1 short sword of draining
 x - a +2 dagger of protection
 G - a +0 scimitar (weapon)
 I - a +0 dagger of electrocution
Missiles
 d - 4 throwing nets (quivered)
Armour
 a - a scarf of shadows (worn)
 c - a +0 helmet (worn)
 p - a +0 kite shield
 u - a +0 pair of gloves (worn)
 F - a +1 ring mail of fire resistance (worn)
 H - a +2 cloak
Jewellery
 q - an amulet of the acrobat (around neck)
 v - a ring of positive energy (right hand)
 A - a ring of protection from magic (left hand)
 D - an uncursed ring of see invisible {unknown}
 K - an uncursed ring of ice
Wands
 w - a wand of random effects (13)
 z - a wand of paralysis (14)
 B - a wand of polymorph (7)
 C - a wand of digging (4)
 L - a wand of flame (11)
Scrolls
 b - a scroll of fog
 e - 6 scrolls of remove curse
 g - 2 scrolls of enchant armour {unknown}
 h - 3 scrolls of identify
 k - 3 scrolls of amnesia {unknown}
 l - a scroll of immolation
 m - 3 scrolls of magic mapping {unknown}
 o - 2 scrolls of teleportation
 t - 2 scrolls of fear
 y - a scroll of summoning
 E - a scroll of enchant weapon
Potions
 f - a potion of brilliance
 i - 2 potions of flight
 n - 10 potions of curing
 r - a potion of stabbing
 s - a potion of resistance
 J - 2 potions of ambrosia


   Skills:
 + Level 11.4 Fighting
 + Level 10.7 Long Blades
 - Level 1.7 Throwing
 + Level 3.9 Armour
 - Level 10.0 Dodging
 + Level 9.0 Invocations


You had 11 spell levels left.
You didn't know any spells.
Your spell library contained the following spells:

 Spells                   Type           Power        Failure   Level
 Magic Dart               Conj           #...         54%         1
 Blink                    Tloc           N/A          67%         2
 Call Imp                 Summ           #.......     67%         2
 Slow                     Hex            #.......     67%         2
 Conjure Flame            Conj/Fire      #.......     88%         3
 Mephitic Cloud           Conj/Pois/Air  #.......     88%         3


Dungeon Overview and Level Annotations

Branches:
Dungeon (12/15)            Temple (1/1) D:4            Lair (0/6) D:11
    Orc (0/2) D:10

Altars:
Ashenzari
Cheibriados
Dithmenos
Elyvilon
Fedhas
Gozag
Hepliaklqana
Kikubaaqudgha
Makhleb
Nemelex Xobeh
Okawaru
Qazlal
Ru
Sif Muna
Trog
Uskayaw
Vehumet
Wu Jian
Xom
Yredelemnul
Zin
The Shining One

Shops:
D:5 (   D:8 [


Innate Abilities, Weirdness & Mutations

You have razor-sharp toenails.
You are surrounded by a moderate repulsion field. (EV +3)
A weak demonic guardian rushes to your aid.
When hurt, damage is shared between your health and your magic reserves.
You regenerate magic rapidly.


Message History

The boulder beetle is heavily wounded.
You feel sick. The soldier ant stings you.
* * * LOW HITPOINT WARNING * * *
The boulder beetle misses you.
Unknown command.
Okay, then.
You feel better. The gargoyle hits you with a +0 flail.
* * * LOW HITPOINT WARNING * * *
A slime creature comes into view.
Your white imp hits the boulder beetle but does no damage.
The soldier ant closely misses you.
You riposte.
You slice the soldier ant!!
You claw the soldier ant, but do no damage.
The soldier ant is heavily wounded.
The boulder beetle barely misses you.
You riposte.
You hit the boulder beetle but do no damage.
You claw the boulder beetle, but do no damage.
The boulder beetle is heavily wounded.
Your white imp barely misses the boulder beetle.
The boulder beetle bites you!
You die...

##############
#............#
#............#
#............#
####............####
#.............5.'5.#
#.............B@#
#......########9#
#......# ##..BJ.c.# #
. #......#
............J +. .
#......#.###.#########
#.c # #..))).#.# #.
#... # #......'.# #
.....#### #......#....
.B..()(§B #....).#####
#....####


You could see a boulder beetle, a large slime creature, a soldier ant, a
gargoyle, a friendly white imp (summoned) and a friendly shadow imp (summoned).

Vanquished Creatures
  Gastronok (D:11)
  Harold (D:11)
  4 two-headed ogres
  An ugly thing (D:11)
  A manticore (D:12)
  2 kobold demonologists (D:12)
  A freezing wraith (D:12)
  5 trolls
  A shadow (D:12)
  2 wraiths
  A yak (D:9)
  2 wyverns
  Grum (D:8)
  3 wargs
  An acid dragon (D:11)
  6 orc warriors
  6 ice beasts
  A sky beast (D:11)
  3 eyes of draining
  3 black bears
  3 phantoms
  6 necrophages
  3 ogres
  8 wolves
  11 centaurs
  A big kobold (D:11)
  2 bullfrogs (D:9)
  An elf zombie (D:8)
  A water moccasin zombie (D:9)
  3 scorpions
  6 killer bees (D:8)
  3 wights (D:12)
  A troll skeleton (D:8)
  An electric eel (D:9)
  A howler monkey (D:9)
  2 centaur zombies
  8 hounds
  4 jellies
  A quasit (D:8)
  5 human zombies (D:8)
  10 orc priests
  2 iguanas
  8 orc wizards
  4 centaur skeletons
  Natasha (twice) (D:2)
  2 bullfrog skeletons
  12 worker ants
  A bullfrog simulacrum (D:9)
  An ogre zombie (D:8)
  A centaur simulacrum (D:9)
  A hound zombie (D:7)
  3 mummies (D:8)
  2 howler monkey zombies
  2 killer bee simulacra (D:9)
  2 worker ant zombies
  5 gnolls (D:9)
  9 adders
  A hound simulacrum (D:9)
  A shadow imp (D:8)
  10 white imps
  A worker ant simulacrum (D:9)
  2 ufetubi
  3 oozes
  An adder zombie (D:9)
  An adder skeleton (D:5)
  2 worms (D:2)
  3 adder simulacra (D:9)
  2 dart slugs
  4 leopard geckos
  49 orcs
  5 ball pythons (D:3)
  7 bats
  5 giant cockroaches
  18 goblins
  11 hobgoblins
  13 jackals
  6 quokkas
  5 frilled lizards
  11 kobolds
  A leopard gecko skeleton (D:6)
  A leopard gecko zombie (D:9)
  A quokka simulacrum (D:9)
  A quokka skeleton (D:5)
  3 rats
352 creatures vanquished.

Vanquished Creatures (collateral kills)
  A hydra (D:11)
  2 two-headed ogres (D:11)
  2 centaur zombies (D:12)
  A polar bear (D:9)
  A yak (D:9)
  An acid dragon (D:12)
  2 ice beasts
  2 ogres
  2 orc warriors
  A black bear (D:12)
  An eye of draining (D:7)
  A wolf (D:9)
  A bullfrog (D:12)
  A gnoll sergeant (D:9)
  A scorpion (D:2)
  A howler monkey (D:9)
  4 orc wizards
  Natasha (D:2)
  8 orcs
34 creatures vanquished.

Vanquished Creatures (others)
  An orc wizard (D:3)
  An orc (D:9)
  A plant (D:11)
3 creatures vanquished.

Grand Total: 389 creatures vanquished

Notes
Turn   | Place    | Note
-------+----------+-------------------------------------------
     0 | D:1      | grandjackal the Demonspawn Gladiator began the quest for
                  | the Orb.
     0 | D:1      | Reached XP level 1. HP: 16/16 MP: 1/1
   116 | D:1      | Gained mutation: A weak demonic guardian rushes to your
                  | aid. [demonic ancestry]
   116 | D:1      | Reached XP level 2. HP: 22/22 MP: 2/2
   394 | D:1      | Gained mutation: You have sharp toenails. [demonic
                  | ancestry]
   394 | D:1      | Reached XP level 3. HP: 27/28 MP: 3/3
   673 | D:2      | Noticed Natasha
   680 | D:2      | Killed Natasha
   681 | D:2      | Reached XP level 4. HP: 24/34 MP: 4/4
   768 | D:2      | Found a faded altar of an unknown god.
   844 | D:2      | Reached skill level 3 in Fighting
   864 | D:2      | Noticed Natasha
   871 | D:2      | Killed Natasha
   896 | D:2      | Noticed Natasha
   997 | D:2      | Killed Natasha
  1010 | D:2      | Gained mutation: You are surrounded by a mild repulsion
                  | field. (EV +2) [demonic ancestry]
  1010 | D:2      | Reached XP level 5. HP: 26/41 MP: 5/5
  2302 | D:3      | Reached skill level 4 in Fighting
  2302 | D:3      | Reached XP level 6. HP: 19/48 MP: 6/6
  2590 | D:3      | Found a broken altar of Ashenzari.
  3880 | D:4      | Found a hide-covered altar of Uskayaw.
  3941 | D:4      | Found a staircase to the Ecumenical Temple.
  4065 | Temple   | Entered the Ecumenical Temple
  4145 | D:4      | Found a sacrificial altar of Ru.
  4463 | D:4      | Gained mutation: When hurt, damage is shared between your
                  | health and your magic reserves. [demonic ancestry]
  4463 | D:4      | Reached XP level 7. HP: 52/55 MP: 7/7
  4597 | D:4      | Found an iron altar of Okawaru.
  4773 | D:5      | Entered Level 5 of the Dungeon
  4908 | D:5      | Reached skill level 5 in Long Blades
  4908 | D:5      | Reached skill level 5 in Dodging
  5013 | D:5      | Found Budacan's Antique Weapon Emporium.
  5019 | D:5      | Reached skill level 5 in Fighting
  5691 | D:6      | Found a basalt altar of Yredelemnul.
  6206 | D:6      | Gained mutation: You regenerate magic rapidly. [demonic
                  | ancestry]
  6206 | D:6      | Reached XP level 8. HP: 63/63 MP: 6/8
  6673 | D:7      | Reached skill level 6 in Fighting
  7838 | D:7      | Found a bloodstained altar of Trog.
  7854 | D:7      | Reached skill level 7 in Fighting
  7856 | D:7      | Reached XP level 9. HP: 70/70 MP: 0/9
  8003 | D:8      | Found Tesastry's Armour Shoppe.
  8587 | D:8      | Found an ancient bone altar of Kikubaaqudgha.
  9007 | D:8      | Found a white marble altar of Elyvilon.
  9223 | D:8      | Found an iron altar of Okawaru.
  9275 | D:8      | Noticed Grum
  9521 | D:8      | Reached skill level 8 in Fighting
  9569 | D:8      | Killed Grum
  9792 | D:8      | Noticed a two-headed ogre
  9802 | D:8      | Killed a two-headed ogre
  9849 | D:8      | Reached XP level 10. HP: 77/78 MP: 10/10
 10193 | D:9      | Found a hide-covered altar of Uskayaw.
 10782 | D:9      | Reached skill level 9 in Fighting
 11183 | D:9      | Found a burning altar of Makhleb.
 11194 | D:9      | Became a worshipper of Makhleb the Destroyer
 11622 | D:9      | Reached skill level 1 in Invocations
 11945 | D:9      | Reached * piety under Makhleb
 12114 | D:9      | Found a shadowy altar of Dithmenos.
 12528 | D:10     | Entered Level 10 of the Dungeon
 12591 | D:10     | Found a staircase to the Orcish Mines.
 12939 | D:10     | Noticed a two-headed ogre
 12952 | D:10     | Killed a two-headed ogre
 12952 | D:10     | Reached ** piety under Makhleb
 12952 | D:10     | Gained mutation: You are surrounded by a moderate repulsion
                  | field. (EV +3) [demonic ancestry]
 12952 | D:10     | Reached XP level 11. HP: 90/90 MP: 14/14
 13268 | D:11     | Reached skill level 10 in Fighting
 13312 | D:11     | Noticed a two-headed ogre
 13317 | D:11     | Noticed a seven-headed hydra
 13323 | D:11     | Killed a two-headed ogre
 13323 | D:11     | Reached skill level 5 in Invocations
 13323 | D:11     | Noticed Gastronok
 13934 | D:11     | Killed a seven-headed hydra
 14751 | D:11     | Noticed Harold
 14770 | D:11     | Killed Harold
 14771 | D:11     | Noticed a red ugly thing
 14973 | D:11     | Found a staircase to the Lair.
 15101 | D:11     | Killed a red ugly thing
 15289 | D:11     | Reached skill level 10 in Long Blades
 15289 | D:11     | Reached skill level 10 in Dodging
 15305 | D:11     | Killed Gastronok
 15305 | D:11     | Reached skill level 1 in Armour
 15427 | D:11     | Noticed a two-headed ogre
 15435 | D:11     | Killed a two-headed ogre
 15710 | D:12     | Noticed a two-headed ogre
 15722 | D:12     | Killed a two-headed ogre
 16005 | D:12     | Gained mutation: You have razor-sharp toenails. [demonic
                  | ancestry]
 16005 | D:12     | Reached XP level 12. HP: 64/99 MP: 13/17
 16008 | D:12     | Reached *** piety under Makhleb
 16011 | D:12     | Reached skill level 11 in Fighting
 16398 | D:12     | Noticed a two-headed ogre
 16399 | D:12     | Noticed a boulder beetle
 17168 | D:12     | Killed a two-headed ogre
 17231 | D:12     | Slain by a boulder beetle

Illustrated notes

Levels and vault maps discovered:
D:1:      minmay_arrival_semitransparent, layout_loops_cross
D:2:      layout_loops_ring, chequers_ecumenical_altar_grove,
          chequers_serial_rivers_micro_d, uniq_natasha
D:3:      cheibrodos_greedy_goblins, layout_basic, marbit_many_paths
D:4:      layout_basic, lemuel_round_altar, lemuel_doored_altar,
          eat_drink_and_be_merry_uskayaw, minmay_temple_entry_trees
D:5:      layout_rooms, serial_shops, nicolae_shop_waterfront
D:6:      layout_cave_pods, old_standard_altar
D:7:      layout_gridville, trog_eyes_of_draining
D:8:      layout_loops_corners, elyvilon_altar_5,
          lemuel_mausoleum_altar_kikubaaqudgha, serial_shops, shop,
          okawaru_metal_pillars_3, uniq_grum
D:9:      kennysheep_blocky_hall, layout_rooms, lemuel_round_altar,
          nicolae_overflow_crystal_walls, basic_altar, serial_ice, serial_ice_b,
          serial_ice_d, serial_ice_k, serial_ice_n, serial_ice_o, serial_ice_h,
          serial_ice_c, serial_ice_a
D:10:     layout_roguey, erik_orc_3
D:11:     layout_cave_pods, erik_lair_orcish_takeover, uniq_gastronok,
          uniq_harold
D:12:     kennysheep_blocky_room, layout_basic
Temple:   hc_temple_tempest_star

Skill      XL: |  1  2  3  4  5  6  7  8  9 10 11 12 |
---------------+-------------------------------------+-----
Long Blades    | 3 4 5 6 8 9 10 | 10.7
Dodging        | 3 4 5 6 8 9 10 | 10.0
Fighting       | 3 4 5 7 8 9 10 11 | 11.4
Invocations    | 4 7 9 |  9.0
Armour         | 2 3 |  3.9
Throwing       | |  1.7

Action                   |  1- 3 |  4- 6 |  7- 9 | 10-12 || total
-------------------------+-------+-------+-------+-------++-------
Melee: Long sword        |    62 |   198 |   427 |   283 ||   970
       Kick              |     7 |    67 |   177 |   360 ||   611
       Scimitar          |       |       |       |   456 ||   456
       Short sword       |       |       |       |     9 ||     9
Throw: Throwing net      |       |       |       |     5 ||     5
Invok: Lesser Servant of |       |       |       |     1 ||     1
Evoke: Wand              |       |       |     2 |       ||     2
  Use: Scroll            |       |       |     3 |    19 ||    22
       Potion            |       |       |       |     9 ||     9
 Stab: Distracted        |       |       |     3 |     9 ||    12
       Paralysed         |       |       |     7 |       ||     7
Armor: Leather armour    |    18 |       |       |       ||    18
       Ring mail         |     8 |    53 |    93 |   170 ||   324
Dodge: Dodged            |    37 |   157 |   319 |   844 ||  1357
       Rpst.: Long sword |    12 |    43 |    89 |    75 ||   219
       Scimitar          |       |       |       |   135 ||   135

Table legend: (Time is in decaauts)
 A = Elapsed time spent in this place.
 B = Non-inter-level travel time spent in this place.
 C = Inter-level travel time spent in this place.
 D = Time resting spent in this place.
 E = Time spent auto-exploring this place.
 F = Levels seen in this place.
 G = Mean time per level.
                   A        B        C        D        E       F      G
               +--------+--------+--------+--------+--------+-----+--------+
         Total |  17329 |  16930 |    399 |   6970 |   6970 |  13 | 1333.0 |
       Dungeon |  17269 |  16882 |    387 |   6970 |   6970 |  12 | 1439.1 |
        Temple |     59 |     48 |     11 |      0 |      0 |   1 |   59.0 |
               +--------+--------+--------+--------+--------+-----+--------+

Top non-repeatable levels by time:
     D:8: 2515 daAuts
     D:9: 2243 daAuts
    D:11: 2227 daAuts
     D:3: 1839 daAuts
     D:7: 1375 daAuts
    D:12: 1291 daAuts
     D:4: 1276 daAuts
     D:2: 1252 daAuts
     D:6: 1147 daAuts
    D:10: 1022 daAuts
     D:1: 681 daAuts
     D:5: 395 daAuts
  Temple: 59 daAuts
